 Seeded DCSS version 0.30-a0-918-g0ff054e9dc (webtiles) character file.

Game seed: 13555036537017109050 (custom seed)

17 GigaChad the Shield-Bearer (level 2, -4/24 HPs)
             Began as a Formicid Fighter on Mar 20, 2023.
             Slain by a gnoll
             ... wielding a +0 spear
              (6 damage)
             ... on level 2 of the Dungeon.
             The game lasted 00:00:45 (655 turns).

GigaChad the Shield-Bearer (Formicid Fighter)        Turns: 655, Time: 00:00:46

Health: -4/24      AC:  6    Str: 20    XL:     2   Next: 80%
Magic:  2/2        EV:  9    Int:  7    God:
Gold:   969        SH:  5    Dex: 13    Spells: 1/1 levels left

rFire   . . .      SeeInvis +    a - +0 war axe
rCold   . . .      Faith    .    c - +0 buckler
rNeg    . . .      Spirit   .    b - +0 scale mail
rPois   .          Reflect  .    (helmet unavailable)
rElec   .          Rampage  .    (no cloak)
rCorr   .                        (no gloves)
Will    .....                    (no boots) Stlth
                                 (no amulet)
HPRegen 0.24/turn                (no ring)
MPRegen 0.08/turn                (no ring)

@: no status effects
A: permanent stasis, dig shafts and tunnels, antennae 3, four strong arms
a: Dig, Shaft Self


You were on level 2 of the Dungeon.
You visited 1 branch of the dungeon, and saw 2 of its levels.

You collected 969 gold pieces.

Inventory:

Hand Weapons
 a - a +0 war axe (weapon)
Armour
 b - a +0 scale mail (worn)
 c - a +0 buckler (worn)
Jewellery
 h - an amulet of the acrobat
Scrolls
 g - a scroll of identify {unknown}
 i - a scroll of teleportation {unknown}
Potions
 d - 2 potions of might
 e - a potion of heal wounds {unknown}
 f - a potion of curing {unknown}
 j - 2 potions of haste {unknown}


   Skills:
 + Level 3.4 Fighting
 + Level 2.3 Axes
 + Level 3.4 Armour
 + Level 4.5 Shields


You had one spell level left.
You didn't know any spells.
Your spell library was empty.

Dungeon Overview and Level Annotations

Branches:
Dungeon (2/15)

Altars:


Innate Abilities, Weirdness & Mutations

You cannot be hasted, slowed, berserked, paralysed or teleported.
You can dig through walls and to a lower floor.
You have a pair of large antennae on your head. (SInv)
Your four strong arms can wield two-handed weapons with a shield.


Message History

Done exploring.
You see here 4 poisoned darts.
There is a shaft here.
There is an open door here.
There is a stone staircase leading down here.
You climb downwards.
The gnoll shouts! x3
Found a scroll labelled RONOETA RAROE.
There is a stone staircase leading up here.
You block the gnoll's attack.
You closely miss the gnoll. The gnoll closely misses you.
A gnoll comes into view. It is wielding a +0 spear.
The gnoll shouts!
You hit the gnoll but do no damage. You barely miss the gnoll.
The gnoll hits you with a +0 spear. The gnoll hits you but does no damage.
You barely miss the gnoll. x2; You slash the gnoll!
The gnoll hits you with a +0 spear. The gnoll barely misses you.
The gnoll closely misses you. The gnoll hits you with a +0 spear.
The gnoll hits you with a +0 club. The gnoll hits you with a +0 whip.
The gnoll hits you from afar with a +0 spear.
* * * LOW HITPOINT WARNING * * *
You are too injured to fight recklessly!
You are too injured to fight recklessly!
You are too injured to fight recklessly!
Unknown command.
You are too injured to fight recklessly!
You are too injured to fight recklessly!
You slash the gnoll!
The gnoll is severely wounded.
You hit the gnoll but do no damage. You closely miss the gnoll.
The gnoll misses you. The gnoll closely misses you.
The gnoll hits you with a +0 club.
* * * LOW HITPOINT WARNING * * *
The gnoll hits you with a +0 whip.
* * * LOW HITPOINT WARNING * * *
You slash the gnoll!
You kill the gnoll!
You hit the gnoll. x2; The gnoll barely misses you.
The gnoll hits you from afar with a +0 spear.
You die...

. .... # ..#..
.. .?#.... #.#.
# ..#.. .....
..#....####.#...
#...#.........
#...g#..#.#
#g)@....#...
#..#g#<......#
#.. #.#..#.#...
. #........
.....### .
...... #####.##
.# .#


You could see 3 gnolls.

Vanquished Creatures
  A gnoll (D:2)
  A dart slug (D:1)
  2 endoplasms (D:1)
  A giant cockroach (D:1)
  2 goblins (D:1)
  2 hobgoblins (D:1)
  A bat (D:1)
  A frilled lizard (D:1)
  2 kobolds (D:1)
  2 rats (D:1)
15 creatures vanquished.

Notes
Turn   | Place    | Note
-------+----------+-------------------------------------------
     0 | D:1      | GigaChad the Formicid Fighter began the quest for the Orb.
     0 | D:1      | Reached XP level 1. HP: 18/18 MP: 1/1
   259 | D:1      | Reached XP level 2. HP: 24/24 MP: 2/2
   405 | D:1      | Identified a scroll of acquirement
   405 | D:1      | Acquired 916 gold pieces
   655 | D:2      | Slain by a gnoll

Illustrated notes

Levels and vault maps discovered:
D:1:      dpeg_arrival_water_fire, layout_basic
D:2:      layout_basic, hex_large, reono_crystal_passage, st_stairs_2,
          minmay_tromino_v7, uniq_natasha

Action                     || total
---------------------------++-------
  Melee: War axe           ||    37
    Use: Scroll            ||     1
 Armour: Scale mail        ||    13
  Dodge: Dodged            ||    23
  Block: Buckler           ||     5

Table legend: (Time is in decaauts)
 A = Elapsed time spent in this place.
 B = Non-inter-level travel time spent in this place.
 C = Inter-level travel time spent in this place.
 D = Time resting spent in this place.
 E = Time spent auto-exploring this place.
 F = Levels seen in this place.
 G = Mean time per level.
                   A        B        C        D        E       F      G
               +--------+--------+--------+--------+--------+-----+--------+
         Total |    669 |    636 |     33 |      0 |    524 |   2 |  334.5 |
       Dungeon |    669 |    636 |     33 |      0 |    524 |   2 |  334.5 |
               +--------+--------+--------+--------+--------+-----+--------+

Top non-repeatable levels by time:
     D:1: 662 daAuts
     D:2: 7 daAuts
